Map: [ESL] Site Delta

Players

Elazer - Winner!

  • Race: Zerg Zerg
  • Spawn Location: 11:00

Wayne

  • Race: Zerg Zerg
  • Spawn Location: 5:00

Event: ESL SC2 Masters 2024 Spring (Regional)

VOD

Have the link to the VOD?

Description

Time

  • Played on: May 2, 2024, 12:06 p.m.
  • Length: 13:03

All games in this series

Show
View Real Time Build Order
Export as new Build Order

Elazer Zerg - Winner!

Build Orders: Hatch First, Roach Hydra 

Get SALT Encoding   

  12  0:00  Drone  
  13  0:12  Overlord  
  13  0:17  Drone  
  14  0:30  Drone x2  
  16  0:48  Hatchery  
  15  0:51  Drone  
  15  0:54  Drone  
  17  0:58  Drone  
  18  1:08  Extractor  
  17  1:13  Spawning Pool  
  17  1:16  Drone  
  17  1:19  Drone  
  18  1:28  Drone  
  19  1:38  Drone  
  20  1:49  Drone  
  21  2:00  Zergling x2, Queen x2  
  26  2:02  Overlord  
  26  2:10  Metabolic Boost  
  26  2:11  Drone x2  
  28  2:21  Zergling x2  
  28  2:22  Drone  
  30  2:33  Hatchery  
  29  2:39  Drone x2  
  31  2:51  Drone x2  
  33  2:54  Overlord  
  33  2:55  Drone  
  34  3:00  Evolution Chamber  
  34  3:05  Drone x2  
  35  3:11  Drone  
  35  3:12  Overlord  
  36  3:14  Drone  
  36  3:16  Zergling x6  
  40  3:20  Queen  
  42  3:32  Drone x4  
  46  3:35  Zerg Ground Armor Level 1  
  46  3:42  Drone x4  
  46  3:44  Drone  
  46  3:47  Extractor  
  46  3:48  Drone, Extractor  
  50  3:52  Overlord  
  50  3:57  Drone x2  
  50  3:59  Overlord  
  52  4:05  Roach Warren  
  52  4:09  Zergling x6  
  54  4:15  Drone  
  55  4:17  Zergling x10  
  55  4:21  Overlord  
  60  4:30  Overlord  
  60  4:34  Overlord, Drone  
  60  4:35  Drone x3  
  60  4:36  Drone  
  65  4:44  Drone x3  
  65  4:45  Overlord  
  68  4:48  Drone x2  
  68  4:51  Roach, Extractor  
  71  4:54  Roach  
  71  4:56  Roach  
  77  5:00  Roach  
  77  5:03  Roach x2  
  77  5:05  Roach  
  83  5:09  Roach x2  
  83  5:12  Overlord  
  87  5:20  Roach x4  
  95  5:25  Ravager x3  
  95  5:27  Zergling x6  
  101  5:36  Lair, Zerg Missile Weapons Level 1  
  101  5:41  Drone x5  
  106  5:43  Drone x2  
  106  5:48  Spore Crawler  
  106  5:49  Spore Crawler  
  106  5:50  Spore Crawler  
  105  5:57  Drone x4  
  105  5:59  Drone x3  
  105  6:01  Drone  
  113  6:06  Overlord  
  105  6:12  Overlord  
  105  6:13  Overlord  
  105  6:16  Overlord  
  105  6:17  Spore Crawler  
  101  6:22  Queen  
  101  6:23  Queen  
  103  6:26  Roach x3  
  103  6:30  Roach x2  
  109  6:34  Roach x3  
  109  6:36  Glial Reconstitution  
  109  6:38  Roach  
  115  6:43  Roach  
  115  6:44  Roach x2  
  115  6:45  Overlord  
  120  6:49  Overlord  
  120  6:52  Hydralisk Den  
  120  6:53  Extractor  
  118  6:55  Roach  
  118  6:59  Overlord x2  
  120  7:04  Roach x4  
  128  7:08  Overlord  
  128  7:11  Roach x2  
  132  7:20  Roach x7  
  146  7:23  Grooved Spines  
  146  7:28  Hydralisk x3  
  152  7:31  Overlord  
  152  7:33  Roach  
  154  7:46  Overlord  
  152  7:53  Roach x4  
  152  7:56  Roach x5  
  160  8:00  Roach x5  
  150  8:05  Roach x2  
  150  8:10  Roach x2  
  128  8:22  Roach x5  
  128  8:23  Roach  
  126  8:27  Roach  
  126  8:34  Roach x3  
  130  8:38  Extractor  
  129  8:45  Hydralisk  
  129  8:46  Hydralisk x4  
  129  8:47  Zerg Missile Weapons Level 2  
  139  8:49  Muscular Augments  
  139  8:55  Roach x2  
  143  9:03  Hydralisk x2  
  143  9:07  Extractor  
  146  9:10  Drone x3  
  146  9:13  Drone  
  146  9:16  Hydralisk x3  
  156  9:25  Roach x4, Overlord  
  156  9:26  Overlord  
  164  9:33  Roach x3  
  170  9:43  Overlord  
  170  9:45  Roach x5  
  180  9:48  Overseer  
  180  9:50  Roach  
  180  9:52  Overlord  
  182  10:05  Hatchery  
  181  10:09  Hydralisk x4  
  187  10:21  Roach  
  187  10:22  Roach x5  
  197  10:34  Roach x6  
  195  10:39  Overlord x2  
  195  11:03  Roach x2  
  191  11:17  Roach Warren  
  191  11:18  Hydralisk x6  
  196  11:27  Spine Crawler x2  
  196  11:29  Spine Crawler  
  165  11:41  Hydralisk x9  
  173  11:59  Ravager x3  
  173  12:00  Ravager  
  173  12:01  Roach x6  
  191  12:02  Roach  
  197  12:08  Roach x2  
  175  12:29  Roach x11  
  164  12:34  Roach x2  
Show
View Real Time Build Order
Export as new Build Order

Wayne Zerg 

Build Orders: Hatch First 

Get SALT Encoding   

  12  0:00  Drone  
  13  0:12  Overlord  
  13  0:16  Drone  
  14  0:30  Drone x2  
  16  0:47  Hatchery  
  15  0:50  Drone  
  15  0:54  Drone  
  17  0:57  Drone  
  18  1:07  Extractor  
  17  1:12  Spawning Pool  
  17  1:15  Drone  
  17  1:18  Drone  
  18  1:27  Drone  
  19  1:38  Drone  
  20  1:49  Drone  
  21  1:59  Zergling x2, Queen x2  
  21  2:00  Overlord  
  26  2:10  Drone  
  26  2:11  Drone  
  28  2:20  Drone  
  28  2:21  Drone  
  30  2:31  Overlord, Drone  
  30  2:34  Queen  
  33  2:39  Lair  
  33  2:42  Drone x2  
  35  2:53  Drone  
  35  2:55  Extractor, Drone  
  36  2:58  Evolution Chamber  
  35  3:06  Drone x3  
  35  3:08  Drone x2  
  35  3:09  Overlord  
  35  3:10  Drone x2  
  42  3:17  Roach Warren  
  42  3:18  Drone  
  42  3:20  Drone  
  42  3:25  Zerg Missile Weapons Level 1  
  43  3:27  Extractor  
  43  3:28  Extractor  
  43  3:29  Drone x2  
  42  3:38  Drone  
  42  3:40  Evolution Chamber  
  42  3:43  Drone x2  
  42  3:44  Drone x2  
  42  3:45  Drone  
  47  3:52  Spire  
  47  3:55  Drone  
  47  3:56  Drone  
  47  3:58  Drone  
  47  4:02  Overlord  
  49  4:05  Overseer  
  49  4:06  Drone  
  50  4:10  Glial Reconstitution  
  50  4:14  Roach  
  52  4:18  Overlord  
  52  4:21  Roach x2  
  56  4:27  Overlord  
  56  4:28  Roach  
  56  4:30  Roach  
  60  4:34  Overlord  
  60  4:38  Roach x2  
  64  4:42  Overlord  
  64  4:44  Roach  
  66  4:49  Roach  
  66  4:50  Roach  
  66  4:51  Drone  
  71  5:06  Hatchery  
  70  5:08  Mutalisk  
  70  5:09  Mutalisk  
  70  5:11  Mutalisk  
  76  5:17  Mutalisk x2  
  80  5:23  Overlord  
  80  5:26  Roach x2  
  84  5:31  Roach x2  
  88  5:36  Overlord  
  88  5:40  Drone  
  89  5:44  Zerg Missile Weapons Level 2  
  89  5:51  Roach x3, Hatchery  
  89  5:56  Roach x2  
  98  5:59  Roach  
  100  6:05  Roach x3  
  107  6:11  Hatchery  
  107  6:14  Zerg Ground Armor Level 1  
  107  6:18  Overlord  
  106  6:20  Overlord  
  106  6:28  Overlord  
  106  6:33  Overlord  
  106  6:41  Drone x6  
  112  6:48  Roach x3  
  118  6:57  Roach x2  
  122  7:04  Roach x3  
  122  7:07  Ravager x2  
  122  7:08  Ravager x2  
  131  7:10  Extractor  
  131  7:11  Overlord  
  131  7:14  Overlord  
  132  7:16  Roach  
  132  7:18  Overlord  
  132  7:21  Roach x3  
  140  7:26  Roach  
  140  7:29  Overlord  
  142  7:30  Roach  
  142  7:31  Roach x2  
  142  7:35  Roach  
  150  7:38  Roach  
  150  7:39  Ravager x2  
  153  7:45  Roach x4  
  153  7:49  Roach  
  153  7:50  Roach  
  157  7:54  Roach x2  
  157  7:58  Roach x2  
  159  8:03  Roach x2  
  139  8:08  Roach x2  
  121  8:14  Roach x2  
  111  8:20  Roach x3  
  111  8:26  Roach x2  
  106  8:27  Roach  
  106  8:37  Roach x3  
  112  8:46  Drone x4  
  116  8:50  Ravager x2  
  116  8:52  Extractor  
  116  8:53  Drone  
  116  8:54  Drone x2  
  120  8:59  Roach x2  
  124  9:06  Roach x3  
  130  9:11  Roach  
  130  9:12  Roach  
  134  9:18  Roach x3  
  134  9:22  Roach  
  134  9:23  Roach  
  144  9:27  Roach x2  
  144  9:28  Roach  
  150  9:35  Overlord  
  150  9:37  Roach x2  
  154  9:40  Ravager x2  
  154  9:43  Roach x3  
  162  9:48  Drone x3  
  162  9:49  Extractor  
  162  9:51  Roach  
  166  9:54  Roach  
  166  9:56  Roach  
  166  9:59  Roach x2  
  174  10:02  Overlord  
  174  10:03  Ravager x2  
  176  10:07  Roach  
  178  10:17  Overlord  
  178  10:18  Overlord  
  178  10:22  Overlord  
  178  10:27  Overlord  
  174  10:36  Roach x2  
  174  10:38  Roach x4  
  174  10:39  Overlord  
  174  10:41  Ravager  
  174  10:42  Ravager  
  188  10:43  Roach x2  
  188  10:46  Roach  
  188  10:48  Ravager  
  195  10:53  Roach  
  195  10:54  Roach x2  
  179  11:20  Roach x11  
  166  11:35  Roach x3  
  161  11:41  Roach  
  161  11:46  Roach x2  
  167  11:52  Roach  
  167  11:53  Ravager x3  
  174  11:54  Roach x2  
  174  11:56  Ravager  
  174  11:57  Ravager  
  178  12:05  Roach x3  
  176  12:23  Roach x4  
  158  12:31  Roach x6  
  158  12:34  Ravager  
  164  12:39  Roach x4  
  164  12:42  Roach x3  
Tags
 
Add a new tag
Caveats
  • Supply blocks, unpowered buildings, or Contaminate may cause inaccurate times.
  • Supply counts are checked every 10 seconds.